 Dungeon Sprint DCSS version 0.18.1-50-g88ac8fd (webtiles) character file.

3189 rednecknazgul the Grand Gadgeteer (level 9, -15/94 HPs)
             Began as a Deep Dwarf Artificer on Jan 14, 2019.
             Was the Champion of Pakellas.
             Demolished by a boulder beetle (23 damage)
             ... in the Dungeon (Sprint IX: "|||||||||||||||||||||||||||||").
             The game lasted 00:04:25 (599 turns).

rednecknazgul the Grand Gadgeteer (DDAr)             Turns: 599, Time: 00:04:26

Health: -15/94     AC: 14    Str: 18    XL:     9   Next: 64%
Magic:  5/21       EV:  9    Int: 13    God:    Pakellas [******]
Gold:   0          SH:  0    Dex: 19    Spells: 0 memorised, 8 levels left

rFire  . . .     SeeInvis .     v - +2 rod of ignition (3/10)
rCold  . . .     Gourm    .     s - +1 chain mail
rNeg   . . .     Faith    .     (no shield)
rPois  .         Spirit   .     (no helmet)
rElec  .         Dismiss  .     r - +0 cloak
rCorr  .         Reflect  .     (no gloves)
SustAt .         Harm     .     (no boots)
MR     +....     NoTele   +     (no amulet)
Stlth  ..........               u - +3 ring of dexterity
                                t - +3 ring of dexterity

@: non-regenerating, somewhat resistant to hostile enchantments, extremely
unstealthy
A: damage resistance, recharge devices, sense surroundings 2, slow regeneration
3
a: Device Recharging, Quick Charge, Device Surge, Supercharge, Renounce Religion


You were in the Dungeon.
You worshipped Pakellas.
Pakellas was exalted by your worship.
You were not hungry.

You visited 1 branch

Inventory:

Hand Weapons
 a - a +0 short sword
Armour
 b - a +0 leather armour
 r - a +0 cloak (worn)
 s - a +1 chain mail (worn)
Rods
 v - a +2 rod of ignition (3/10) (in hand)
   (Pakellas gifted it to you in the Dungeon)
Jewellery
 t - a +3 ring of dexterity (left hand)
 u - a +3 ring of dexterity (right hand)
Wands
 c - a wand of flame (0/48)
 f - a wand of heal wounds (4/9)
 q - a wand of acid (0/15)
 w - a wand of paralysis (13/24)
Scrolls
 e - 6 scrolls of enchant armour
 m - 3 scrolls of blinking
 o - 4 scrolls of remove curse
 p - 2 scrolls of amnesia
Potions
 d - a potion of ambrosia
 h - 8 potions of curing
 i - 6 potions of heal wounds
 j - a potion of haste
 k - 4 potions of magic
 l - 2 potions of berserk rage
 n - a potion of invisibility
Comestibles
 g - 2 bread rations


   Skills:
 + Level 10.4 Fighting
 - Level 0.8 Short Blades
 + Level 12.0 Armour
 - Level 2.1 Dodging
 - Level 1.2 Stealth
 * Level 19.2 Evocations


You had 8 spell levels left.
You didn't know any spells.

Dungeon Overview and Level Annotations

Branches:
Dungeon (1/1)

Altars:
Cheibriados
Dithmenos
Elyvilon
Fedhas
Gozag
Kikubaaqudgha
Makhleb
Nemelex Xobeh
Okawaru
Pakellas
Qazlal
Ru
Sif Muna
Trog
Vehumet
Xom
Yredelemnul
Zin
The Shining One
Beogh
Jiyva
Lugonu


Innate Abilities, Weirdness & Mutations

You are resistant to damage.
You can recharge devices by infusing magical energy.
You passively map the area around you.
You do not regenerate naturally.


Message History

Your +2 rod of ignition (6/10) glows for a moment.
You feel somewhat more hungry. The boulder beetle closely misses you.
Aiming: Explosive Bolt
Press: ? - help, Shift-Dir - straight line, f/p - boulder beetle
Aim: a boulder beetle (lightly wounded, covered in acid)
Okay, then.
Aiming: Explosive Bolt
Press: ? - help, Shift-Dir - straight line, f/p - boulder beetle
Aim: a boulder beetle (lightly wounded, covered in acid) That beam is likely to hit you.
Continue anyway?
The explosive bolt hits the boulder beetle.
The boulder beetle is lightly wounded.
The explosive bolt releases an explosion!
The fiery explosion engulfs the boulder beetle.
The boulder beetle is heavily wounded.
The fiery explosion engulfs you!
* * * LOW HITPOINT WARNING * * *
The boulder beetle bites you!!
You die...
Pakellas says: Back to the drawing board!

, * ▓.▓.▓.▓
, * *
▓.▓.▓.▓ *
▓.▓.▓'▓
▓.▓.▓.▓ ,
▓.▓.▓†▓ * +*
▓.▓.▓.▓ *
▓.▓.▓.▓ *+
*, ,▓.▓.▓.▓
* *,*
▓@▓.▓'▓ + ,
, , *
▓B▓.▓_▓ *
,*,*, ,*
▓§▓.▓_▓ , ,
▓.▓.▓_▓ *, ,
▓.▓.▓_▓
,*,*,▓†▓.▓_▓
* *,*
▓†▓.▓_▓
▓.▓.▓_▓ , *
,▓†▓.▓_▓


You could see a boulder beetle.

Vanquished Creatures
  An orb spider (shapeshifter) (D)
  A black mamba (D)
  2 rime drakes (D)
  A komodo dragon (D)
  A yak (D)
  A wraith (D)
  3 porcupines (D)
  2 water moccasins (D)
  An ice beast (D)
  An orc warrior (D)
  An ogre (D)
  A wolf (D)
  2 crocodiles (D)
  A big kobold (D)
  2 giant frogs (D)
  A killer bee (D)
  A howler monkey (D)
  A hound (D)
  A jelly (D)
  An iguana (D)
  A worker ant (D)
  A sheep (D)
  A river rat (D)
  An adder skeleton (D)
  A giant gecko (D)
  An orc (D)
  2 goblins (D)
  A bat (D)
  3 giant newts (D)
  A rat (D)
39 creatures vanquished.

Notes
Turn   | Place    | Note
--------------------------------------------------------------
     0 | D        | rednecknazgul the Deep Dwarf Artificer began the quest for the Orb.
     0 | D        | Reached XP level 1. HP: 16/16 MP: 3/3
     4 | D        | Reached skill level 1 in Fighting
     5 | D        | Reached skill level 1 in Armour
    10 | D        | Reached skill level 5 in Evocations
    17 | D        | Noticed an ice beast
    23 | D        | Reached XP level 2. HP: 26/26 MP: 5/5
    33 | D        | Killed an ice beast
    33 | D        | Reached skill level 9 in Evocations
    33 | D        | Reached XP level 3. HP: 26/36 MP: 6/9
    33 | D        | Reached XP level 4. HP: 32/44 MP: 6/10
    38 | D        | Found a glowing silver altar of Zin.
    38 | D        | Found a glowing golden altar of the Shining One.
    38 | D        | Found an ancient bone altar of Kikubaaqudgha.
    38 | D        | Found a basalt altar of Yredelemnul.
    38 | D        | Found a shimmering altar of Xom.
    38 | D        | Found a radiant altar of Vehumet.
    39 | D        | Found an iron altar of Okawaru.
    40 | D        | Found a burning altar of Makhleb.
    41 | D        | Found a deep blue altar of Sif Muna.
    42 | D        | Found a bloodstained altar of Trog.
    43 | D        | Found a sparkling altar of Nemelex Xobeh.
    44 | D        | Found a white marble altar of Elyvilon.
    45 | D        | Found a roughly hewn altar of Beogh.
    46 | D        | Found a viscous altar of Jiyva.
    47 | D        | Found a corrupted altar of Lugonu.
    48 | D        | Found a blossoming altar of Fedhas.
    49 | D        | Found a snail-covered altar of Cheibriados.
    50 | D        | Found a shadowy altar of Dithmenos.
    51 | D        | Found a stormy altar of Qazlal.
    52 | D        | Found an opulent altar of Gozag.
    53 | D        | Found a sacrificial altar of Ru.
    54 | D        | Found an oddly glowing altar of Pakellas.
    62 | D        | Became a worshipper of Pakellas the Inventive
   198 | D        | Noticed a big kobold
   198 | D        | Noticed an orc warrior
   200 | D        | Reached skill level 5 in Armour
   200 | D        | Reached skill level 10 in Evocations
   200 | D        | Reached XP level 5. HP: 37/51 MP: 10/12
   200 | D        | Reached * piety under Pakellas
   200 | D        | Received a gift from Pakellas
   203 | D        | Reached skill level 5 in Fighting
   203 | D        | Reached skill level 11 in Evocations
   205 | D        | Reached skill level 12 in Evocations
   205 | D        | Reached XP level 6. HP: 45/62 MP: 5/15
   205 | D        | Reached ** piety under Pakellas
   205 | D        | Received a gift from Pakellas
   206 | D        | Killed an orc warrior
   206 | D        | Reached skill level 13 in Evocations
   320 | D        | Noticed a yak
   320 | D        | Noticed a wraith
   320 | D        | Noticed a soldier ant
   322 | D        | Killed a yak
   322 | D        | Reached *** piety under Pakellas
   322 | D        | Received a gift from Pakellas
   322 | D        | Reached skill level 14 in Evocations
   322 | D        | Reached XP level 7. HP: 72/72 MP: 6/17
   323 | D        | Noticed an orb spider
   323 | D        | a soldier ant changed into an orb spider
   324 | D        | Killed a wraith
   324 | D        | Reached skill level 15 in Evocations
   324 | D        | Reached **** piety under Pakellas
   324 | D        | Received a gift from Pakellas
   326 | D        | Killed an orb spider
   326 | D        | Reached skill level 16 in Evocations
   326 | D        | Reached XP level 8. HP: 82/82 MP: 10/20
   554 | D        | Reached skill level 10 in Armour
   554 | D        | Reached ***** piety under Pakellas
   554 | D        | Received a gift from Pakellas
   559 | D        | Noticed a komodo dragon
   559 | D        | Reached skill level 17 in Evocations
   563 | D        | Killed a komodo dragon
   564 | D        | Identified a +2 rod of ignition (10/10) (Pakellas gifted it to you in the Dungeon)
   572 | D        | Noticed a rime drake
   572 | D        | Noticed a rime drake
   572 | D        | Noticed a black mamba
   573 | D        | Killed a rime drake
   573 | D        | Reached skill level 18 in Evocations
   573 | D        | Gained mutation: You passively map the area around you. [Deep Dwarf growth]
   573 | D        | Reached XP level 9. HP: 90/93 MP: 6/21
   573 | D        | Reached ****** piety under Pakellas
   579 | D        | Killed a rime drake
   579 | D        | Reached skill level 10 in Fighting
   579 | D        | Killed a black mamba
   579 | D        | Reached skill level 19 in Evocations
   599 | D        | Demolished by a boulder beetle

Skill      XL: |  1  2  3  4  5  6  7  8  9 |
---------------+----------------------------+-----
Fighting       | 1 4 5 7 8 9 10 | 10.4
Armour         | 1 4 5 6 8 9 11 12 | 12.0
Evocations     | 5 9 10 12 14 16 18 19 | 19.2
Short Blades   | |  0.8
Dodging        | |  2.1
Stealth        | |  1.2

Action                   |  1- 3 |  4- 6 |  7- 9 || total
-------------------------+-------+-------+-------++-------
Melee: Short sword       |     9 |       |       ||     9
Invok: Quick Charge      |       |     1 |     2 ||     3
 Abil: Device Recharging |       |       |     1 ||     1
Evoke: Wand              |    11 |    10 |    15 ||    36
       Rod               |       |       |     2 ||     2
 Stab: Sleeping          |     1 |       |       ||     1
Armor: Leather armour    |     3 |       |       ||     3
       Chain mail        |       |     3 |     2 ||     5
Dodge: Dodged            |     5 |     3 |     2 ||    10
